 Dungeon Crawl Stone Soup version 0.28-a0-1613-gdaab1c2f9b (webtiles) character file.

Game seed: 7760046871157771489

108 Essalna the Digger (level 4, -2/24 HPs)
             Began as a Gargoyle Earth Elementalist on Jan 21, 2022.
             Slain by an orc (4 damage)
             ... on level 3 of the Dungeon.
             The game lasted 00:04:49 (2215 turns).

Essalna the Digger (Gargoyle Earth Elementalist)    Turns: 2215, Time: 00:04:50

Health: -2/24      AC:  6    Str: 11    XL:     4   Next: 87%
Magic:  7/8        EV: 11    Int: 18    God:
Gold:   54         SH:  0    Dex: 10    Spells: 5/9 levels left

rFire   . . .      SeeInvis .   i - +3 dagger
rCold   . . .      Faith    .   (no shield)
rNeg    + . .      Spirit   .   b - +0 robe
rPois   ∞          Reflect  .   h - +0 helmet
rElec   +          Harm     .   (no cloak)
rCorr   .          Rampage  .   (no gloves)
Will    .....                   (no boots)
Stlth   ++........              (no amulet)
HPRegen 0.08/turn               (no ring)
MPRegen 0.11/turn               (no ring)

@: no status effects
A: sickness immunity, AC +3, negative energy resistance 1, electricity
resistance, torment resistance 1, petrification resistance
a: no special abilities


You were on level 3 of the Dungeon.
You visited 1 branch of the dungeon, and saw 3 of its levels.

You collected 54 gold pieces.

Inventory:

Hand Weapons
 i - a +3 dagger (weapon)
Missiles
 c - 12 stones
Armour
 b - a +0 robe (worn)
 h - a +0 helmet (worn)
Magical Staves
 a - a staff of cold
 g - a staff of air
Scrolls
 d - a scroll of identify {unknown}
 f - a scroll of summoning {unknown}
 j - a scroll of teleportation {unknown}
 k - a scroll of blinking {unknown}
Potions
 e - a potion of ambrosia {unknown}
 l - a potion of magic {unknown}


   Skills:
 - Level 1.5 Dodging
 - Level 2.1 Stealth
 + Level 3.2 Spellcasting
 + Level 1.9 Conjurations
 - Level 0.7 Transmutations
 + Level 5.0 Earth Magic


You had 5 spell levels left.
You knew the following spells:

 Your Spells              Type           Power      Damage    Failure   Level
a - Sandblast             Erth           40%        2d10      1%          1
b - Stone Arrow           Conj/Erth      30%        3d8       12%         3

Your spell library contained the following spells:

 Spells                   Type           Power      Damage    Failure   Level
 Passwall                 Tmut/Erth      10%        N/A       8%          2
 Petrify                  Tmut/Erth      13%        N/A       43%         4


Dungeon Overview and Level Annotations

Branches:
Dungeon (3/15)

Altars:

Annotations:
D:1 1 runed translucent door


Innate Abilities, Weirdness & Mutations

You are immune to sickness and miasma.
Your stone body is resilient. (AC +3)
You are immune to poison.
You resist negative energy. (rN+)
You are resistant to electric shocks. (rElec)
You are resistant to unholy torment.
You are immune to petrification.


Message History

The puff of flame hits you but does no damage.
You can't see any susceptible monsters within range! (Use Z to cast anyway.)
You can't see any susceptible monsters within range! (Use Z to cast anyway.)
You can't see any susceptible monsters within range! (Use Z to cast anyway.)
You can't see any susceptible monsters within range! (Use Z to cast anyway.)
You miscast Sandblast.
You are very lightly contaminated with residual magic.
Nothing appears to happen.
The blast of sand misses the orc wizard.
The blast of sand hits the orc.
The orc is moderately wounded.
The orc wizard gestures at you while chanting.
You are confused.
You're too confused to cast spells.
You're too confused to cast spells.
You're too confused to cast spells.
You're too confused to cast spells.
You miss the orc wizard. You hit the orc.
The orc is heavily wounded.
The orc wizard hits you with a +0 dagger.
The orc hits you with a +0 mace.
You barely miss the orc.
The orc is heavily wounded.
The orc wizard gestures at you while chanting.
You resist with some effort. The orc hits you with a +0 mace.
The orc wizard barely misses you.
You feel less confused.
The orc wizard gestures at you while chanting.
You resist with some effort. The orc hits you but does no damage.
Your magical contamination has completely faded away.
The orc wizard points at you and mumbles some strange words.
The puff of flame hits you!
* * * LOW HITPOINT WARNING * * *
Okay, then.
The orc wizard gestures wildly while chanting.
The orc wizard flickers and vanishes!
Deactivating autopickup; reactivate with Ctrl-A.
The orc hits you with a +0 mace.
You die...

#.. #.#..... #.#
#.#.####
########.### #####
#...# #.....##.#.##
#...#######..#
#.###.##....##
#............#
#.#........(.#
#...#######.##
#.#.#.##....## ##.##
#.#
#....<##.#.#######.#
#.#
................@o.#
#.#
###.####..#######..#
#.# #.# #..# #..#
#.# #.# #..# #..#
#.# #.# #..# #..#
#.# #.. #..# #.. ...
.... #.# #.#. #.#
#.#..


You could see an orc.

Vanquished Creatures
  3 gnolls (D:2)
  3 adders (D:2)
  A worm (D:2)
  2 orcs (D:3)
  5 bats
  3 endoplasms (D:1)
  A giant cockroach (D:2)
  7 goblins
  4 hobgoblins
  4 jackals (D:2)
  3 quokkas (D:1)
  2 ball pythons (D:2)
  A frilled lizard (D:1)
  6 rats
45 creatures vanquished.

Notes
Turn   | Place    | Note
-------+----------+-------------------------------------------
     0 | D:1      | Essalna the Gargoyle Earth Elementalist began the quest for
                  | the Orb.
     0 | D:1      | Reached XP level 1. HP: 10/10 MP: 3/3
     1 | D:1      | Found a runed translucent door.
     2 | D:1      | Noticed a jelly
   403 | D:1      | Reached skill level 4 in Earth Magic
   403 | D:1      | Reached XP level 2. HP: 13/15 MP: 1/5
  1181 | D:2      | Reached XP level 3. HP: 19/19 MP: 4/6
  1185 | D:2      | Learned a level 3 spell: Stone Arrow
  1490 | D:2      | Reached skill level 1 in Conjurations
  1665 | D:2      | Reached XP level 4. HP: 23/24 MP: 8/8
  2180 | D:3      | Reached skill level 5 in Earth Magic
  2191 | D:3      | HP: 1/24 [orc wizard/puff of flame (10)]
  2215 | D:3      | Slain by an orc

Illustrated notes

Levels and vault maps discovered:
D:1:      dpeg_arrival_caged_fury, layout_rooms, serial_forest,
          infiniplex_forest_corner_2, infiniplex_forest_clump_small,
          infiniplex_forest_lined_room_, infiniplex_forest_end_1,
          infiniplex_forest_clump_curved, infiniplex_forest_straight_2,
          infiniplex_forest_straight_5, infiniplex_forest_straight_2,
          infiniplex_forest_lined_room_2, minmay_cut_off
D:2:      layout_loops_ring, minmay_distorted
D:3:      layout_loops_ring

Skill      XL: |  1  2  3  4 |
---------------+-------------+-----
Earth Magic    | 4 5 |  5.0
Conjurations   | 1 |  1.9
Spellcasting   | 3 |  3.2
Dodging        | |  1.5
Stealth        | |  2.1
Transmutations | |  0.7

Action                   |  1- 3 |  4- 6 || total
-------------------------+-------+-------++-------
Melee: Unarmed           |     8 |       ||     8
       Staff             |    19 |       ||    19
       Dagger            |     8 |    13 ||    21
 Cast: Sandblast         |    44 |    14 ||    58
 Stab: Sleeping          |     1 |     1 ||     2
Armor: Robe              |    18 |     7 ||    25
Dodge: Dodged            |    31 |    10 ||    41

Table legend: (Time is in decaauts)
 A = Elapsed time spent in this place.
 B = Non-inter-level travel time spent in this place.
 C = Inter-level travel time spent in this place.
 D = Time resting spent in this place.
 E = Time spent auto-exploring this place.
 F = Levels seen in this place.
 G = Mean time per level.
                   A        B        C        D        E       F      G
               +--------+--------+--------+--------+--------+-----+--------+
         Total |   2217 |   2141 |     76 |      0 |   1769 |   3 |  739.0 |
       Dungeon |   2217 |   2141 |     76 |      0 |   1769 |   3 |  739.0 |
               +--------+--------+--------+--------+--------+-----+--------+

Top non-repeatable levels by time:
     D:1: 1181 daAuts
     D:2: 932 daAuts
     D:3: 103 daAuts
